 Dungeon Crawl Stone Soup version 0.27.1 (webtiles) character file.

Game seed: 1496820900786172272

991 dtburroughs the Skirmisher (level 7, -1/64 HPs)
             Began as a Minotaur Berserker on Aug 25, 2021.
             Was an Elder of Trog.
             Slain by Grinder (2 damage)
             ... on level 4 of the Dungeon.
             The game lasted 00:07:07 (4194 turns).

dtburroughs the Skirmisher (Minotaur Berserker)     Turns: 4194, Time: 00:07:07

Health: -1/64      AC: 12    Str: 21    XL:     7   Next: 98%
Magic:  6/6        EV:  7    Int:  6    God:    Trog [****..]
Gold:   87         SH:  0    Dex: 10    Spells: 6/6 levels left

rFire    . . .     SeeInvis .   s - +0 war axe
rCold    . . .     Faith    .   (no shield)
rNeg     . . .     Spirit   .   g - +0 plate armour
rPois    .         Reflect  .   (helmet restricted)
rElec    .         Harm     .   (no cloak)
rCorr    .         Rampage  .   (no gloves)
Will     .....                  (no boots)
Stlth    ..........             m - amulet of the acrobat
HPRegen  0.20/turn              (no ring)
MPRegen  0.10/turn              (no ring)

@: on berserk cooldown, slowed, very slow
A: horns 2, retaliatory headbutt
a: Renounce Religion, Berserk, Trog's Hand, Brothers in Arms


You were on level 4 of the Dungeon.
You worshipped Trog.
Trog was greatly pleased with you.
You visited 1 branch of the dungeon, and saw 4 of its levels.
You also visited: Ossuary.

You collected 87 gold pieces.

Inventory:

Hand Weapons
 a - a +0 hand axe
 s - a +0 war axe (weapon)
Armour
 b - a +0 animal skin
 e - a +0 ring mail
 g - a +0 plate armour (worn)
Jewellery
 k - an amulet of guardian spirit
 m - an amulet of the acrobat (around neck)
Wands
 p - a wand of polymorph (7)
Scrolls
 d - 4 scrolls of magic mapping {unknown}
 f - 2 scrolls of fear {unknown}
 i - 2 scrolls of amnesia {unknown}
 j - 5 scrolls of identify {unknown}
 l - 2 scrolls of enchant weapon {unknown}
 o - a scroll of teleportation {unknown}
 t - a scroll of brand weapon {unknown}
 u - 2 scrolls of immolation {unknown}
 w - a scroll of summoning {unknown}
 x - a scroll of noise {unknown}
Potions
 c - 2 potions of brilliance {unknown}
 h - 4 potions of curing
 n - 7 potions of heal wounds {unknown}
 q - a potion of degeneration {unknown}
 r - a potion of invisibility {unknown}
 v - a potion of mutation {unknown}


   Skills:
 + Level 6.6 Fighting
 + Level 6.5 Axes
 + Level 5.9 Armour
 + Level 5.4 Dodging


You had 6 spell levels left.
You didn't know any spells.
Your spell library was empty.

Dungeon Overview and Level Annotations

Branches:
Dungeon (4/15)            Ossuary (visited)
 Temple: D:4-7

Altars:
Elyvilon

Shops:
D:1 :

Annotations:
D:4 Grinder


Innate Abilities, Weirdness & Mutations

You have a pair of horns on your head.
You reflexively headbutt those who attack you in melee.


Message History

Grinder blinks!
The ogre hits you but does no damage.
Grinder blinks!
The ogre hits you but does no damage.
The ogre hits you with a +0 giant spiked club!
You can move again.
You completely miss the ogre. You slice the ogre!!
The ogre is severely wounded.
The ogre barely misses you. You furiously retaliate!
You headbutt the ogre!
You kill the ogre!
Trog accepts your kill.
You are no longer berserk.
You are exhausted.
You feel yourself slow down.
You see here a +0 giant spiked club.
Grinder gestures at you.
You suddenly lose the ability to move!
Grinder says, "Make like a tree!"
Grinder blinks!
Grinder gestures at you. Pain shoots through your body!
Grinder drinks a potion.
Grinder is healed!
You can move again.
Grinder blinks!
Grinder says, "Don't move a muscle."
Grinder gestures at you. Pain shoots through your body!
You hit Grinder but do no damage.
Grinder is severely wounded.
Grinder hits you.
You writhe in agony.
Grinder hits you.
* * * LOW HITPOINT WARNING * * *
You writhe in agony.
* * * LOW HITPOINT WARNING * * *
You slash Grinder! You headbutt Grinder.
Grinder is almost dead.
Grinder gestures at you. Pain shoots through your body!
* * * LOW HITPOINT WARNING * * *
Grinder grins, showing sharp teeth.
Grinder hits you.
You die...

#.........#
#.........#
#.........#
#.........#
#.........#
#.?.......#
#.........#
#...@.)...#
#####5###+######
#........^.#
##.........#
#.........#
#....."...#
#......#########
#......#.'.#.#.#
#......###'#'#'#


You could see Grinder.

Vanquished Creatures
  A steam dragon (D:4)
  An ogre (D:4)
  A centaur (D:3)
  3 elf skeletons (D:4)
  A water moccasin zombie (Ossuary)
  A vampire bat (D:3)
  A hound (D:2)
  A human skeleton (D:4)
  Natasha (thrice) (D:2)
  An orc wizard (D:3)
  2 mummies (Ossuary)
  2 adders
  5 gnolls
  3 adder zombies (Ossuary)
  A worm (D:2)
  A dart slug (D:1)
  3 fire bats (D:3)
  3 orcs (D:3)
  2 spectral bats (D:3)
  3 ball pythons
  19 bats
  3 bat skeletons (D:3)
  A bat zombie (D:3)
  8 endoplasms
  3 giant cockroaches
  2 gnoll zombies (Ossuary)
  6 goblins
  5 hobgoblins
  9 jackals
  4 quokkas
  A bat simulacrum (D:3)
  5 frilled lizards
  6 hobgoblin zombies (Ossuary)
  3 kobolds
  7 kobold zombies (Ossuary)
  6 orc zombies
  A quokka skeleton (D:4)
  5 rats
133 creatures vanquished.

Notes
Turn   | Place    | Note
-------+----------+-------------------------------------------
     0 | D:1      | dtburroughs the Minotaur Berserker began the quest for the
                  | Orb.
     0 | D:1      | Reached XP level 1. HP: 19/19 MP: 0/0
   322 | D:1      | Reached XP level 2. HP: 27/27 MP: 1/1
   708 | D:1      | Reached XP level 3. HP: 33/33 MP: 2/2
   875 | D:1      | Found Tiowk's Book Shoppe.
  1486 | D:2      | Reached XP level 4. HP: 41/41 MP: 3/3
  1606 | D:2      | Reached ** piety under Trog
  1827 | D:2      | Reached XP level 5. HP: 41/47 MP: 4/4
  2031 | D:2      | Noticed Natasha
  2044 | D:2      | Killed Natasha
  2115 | D:2      | Noticed Natasha
  2124 | D:2      | Killed Natasha
  2570 | D:2      | Noticed Natasha
  2580 | D:2      | Killed Natasha
  2581 | D:2      | Reached skill level 5 in Fighting
  2781 | D:3      | Noticed a centaur
  2897 | D:3      | Reached skill level 5 in Axes
  3056 | D:3      | Killed a centaur
  3057 | D:3      | Reached XP level 6. HP: 37/56 MP: 5/5
  3316 | D:3      | Reached *** piety under Trog
  3441 | D:3      | Found a faded altar of an unknown god.
  3674 | D:3      | Found a white marble altar of Elyvilon.
  3760 | D:4      | Reached skill level 5 in Armour
  3760 | D:4      | Reached XP level 7. HP: 61/62 MP: 6/6
  3778 | D:4      | Found a sand-covered staircase.
  3793 | Ossuary  | Entered an ossuary
  3879 | Ossuary  | Reached **** piety under Trog
  3936 | Ossuary  | Reached skill level 5 in Dodging
  4023 | D:4      | Noticed a steam dragon
  4032 | D:4      | Killed a steam dragon
  4167 | D:4      | Noticed Grinder
  4173 | D:4      | Paralysed by Grinder for 7 turns
  4184 | D:4      | Paralysed by Grinder for 6 turns
  4194 | D:4      | HP: 1/64 [Grinder/nerve-wracking pain (11)]
  4194 | D:4      | Slain by Grinder

Illustrated notes

Levels and vault maps discovered:
D:1:      co_arrival_random_square_maze, layout_basic, serial_shops,
          nicolae_square_shop
D:2:      layout_loops_ring, minmay_misc_feat_plants, kennysheep_generic_room_6,
          uniq_natasha
D:3:      layout_rooms, lemuel_coloured_pillars_altar,
          chequers_ecumenical_altar_grove, goddamned_bats
D:4:      layout_basic, nicolae_ossuary_entry_catacombs, dk_noncrumbling_4,
          uniq_grinder

Skill      XL: |  1  2  3  4  5  6  7 |
---------------+----------------------+-----
Fighting       | 4 5 6 |  6.6
Axes           | 4 5 6 |  6.5
Armour         | 3 4 5 |  5.9
Dodging        | 3 4 5 |  5.4

Action                   |  1- 3 |  4- 6 |  7- 9 || total
-------------------------+-------+-------+-------++-------
Melee: Hand axe          |    52 |   111 |       ||   163
       Headbutt          |     9 |    24 |    14 ||    47
       Unarmed           |       |     1 |       ||     1
       War axe           |       |    35 |    86 ||   121
Invok: Berserk           |       |     2 |     1 ||     3
Armor: Animal skin       |     3 |       |       ||     3
       Ring mail         |     5 |       |       ||     5
       Plate armour      |    18 |   137 |    45 ||   200
Dodge: Dodged            |    33 |   120 |    29 ||   182
